AoeStats
← 一剑扫秋风nelson

African Clearing

505400030Analyzed
4v4 RM · 24d ago on Sep 9, 2026· 45m 31s· 8 players
Game mode
Random Map
Map size
Large (8 player)
Population
200
Speed
Normal
Resources
Standard
Victory
Conquest
Starting age
Dark Age
Ending age
Imperial Age
RankedLock teamsTeams togetherTeam positionsShared explorationLock speedFull tech treeHidden civsTurbo modeCheats
Victory
Defeat
🇻🇳 Mongols · Vietnam
1913
+10
🇨🇳 Byzantines · China
1888
+11
🇨🇳 Tatars · China
1880
+11
1711
+19
🇻🇳 Bengalis · Vietnam
1888
-17
🇺🇸 Georgians · United States
1806
-14
🇫🇮 Saracens · Finland
1741
-11
🇸🇪 Aztecs · Sweden
1667
-9
一剑扫秋风nelson
11:21 Feudal Age
11:57 Loom
11:59 Double-Bit Axe
16:39 Forging
22:37 Castle Age
20:47 Stone Mining
20:48 Gold Mining
21:10 Horse Collar
23:58 Bloodlines
23:58 Scale Barding Armor
23:56 Heavy Plow
30:31 Chain Barding Armor
33:35 Wheelbarrow
38:57 Imperial Age
37:52 Iron Casting
37:52 Husbandry
39:00 Elite Keshik
40:44 Blast Furnace
40:32 Conscription
40:49 Crop Rotation
40:30 Bow Saw
41:04 Guilds
41:29 Hand Cart
43:12 Coinage
43:45 Plate Barding Armor
43:00 Fletching
45:05 Banking
45:22 Town Watch
_LY_Pala
4:52 Loom
13:34 Feudal Age
17:12 Castle Age
15:48 Double-Bit Axe
33:20 Fletching
40:09 Forging
42:02 Bow Saw
41:33 Horse Collar
47:20 Imperial Age
45:26 Wheelbarrow
46:42 Iron Casting
46:13 Scale Barding Armor
46:00 Gold Mining
Seohyun de thuong lam ne`
8:54 Loom
10:58 Feudal Age
12:01 Double-Bit Axe
17:14 Forging
23:00 Bloodlines
27:39 Castle Age
26:33 Scale Barding Armor
28:33 Chain Barding Armor
32:47 Husbandry
33:23 Bow Saw
35:19 Gold Mining
35:29 Light Cavalry
41:35 Iron Casting
42:30 Horse Collar
saymynameBook
13:04 Feudal Age
13:42 Loom
17:40 Castle Age
16:03 Double-Bit Axe
16:57 Fishing Lines
18:25 Gillnets
22:23 Fletching
24:24 Bodkin Arrow
27:25 Bow Saw
26:57 Horse Collar
28:21 Ballistics
29:48 Padded Archer Armor
31:14 Wheelbarrow
32:20 Bloodlines
32:11 Husbandry
34:00 Hand Cart
33:30 Town Watch
38:06 Imperial Age
35:37 Stone Mining
35:46 Gold Mining
39:02 Bracer
39:10 Thumb Ring
40:35 Chemistry
39:59 Conscription
39:22 Elite Mangudai
40:08 Heavy Plow
41:20 Leather Archer Armor
41:48 Parthian Tactics
41:55 Coinage
43:26 Banking
43:52 Sappers
hurm0k [PT]
3:51 Loom
13:30 Feudal Age
13:35 Man-at-Arms
14:01 Arson
17:13 Forging
25:06 Castle Age
23:12 Gold Mining
24:59 Scale Mail Armor
25:09 Double-Bit Axe
25:15 Long Swordsman
25:40 Gambesons
25:55 Squires
26:12 Chain Mail Armor
26:37 Iron Casting
28:50 Fervor
30:35 Sanctity
33:18 Wheelbarrow
35:36 Fletching
35:47 Padded Archer Armor
35:36 Elite Skirmisher
39:12 Hand Cart
40:43 Redemption
44:09 Horse Collar
47:35 Imperial Age
Kaarlos
8:25 Loom
10:53 Feudal Age
14:40 Forging
21:26 Bloodlines
22:52 Scale Barding Armor
28:53 Double-Bit Axe
31:38 Horse Collar
37:37 Castle Age
36:22 Gold Mining
36:23 Stone Mining
38:33 Bow Saw
38:27 Heavy Plow
40:02 Wheelbarrow
ĐLucky
7:49 Loom
13:19 Feudal Age
17:20 Castle Age
15:36 Double-Bit Axe
21:02 Fletching
26:31 Bodkin Arrow
35:51 Scale Barding Armor
36:52 Forging
40:37 Husbandry
43:27 Ballistics
45:09 Wheelbarrow
NaiLiu
11:50 Loom
14:26 Feudal Age
14:57 Fishing Lines
15:03 Double-Bit Axe
18:46 Castle Age
16:39 Gold Mining
19:58 Bow Saw
19:41 Gillnets
24:01 Wheelbarrow
30:15 Horse Collar
35:05 Imperial Age
34:04 Scale Barding Armor
34:10 Forging
34:31 Heavy Plow
34:22 Stone Mining
35:12 Hand Cart
34:44 Town Watch
35:21 Chain Barding Armor
35:29 Bloodlines
35:58 Husbandry
36:34 Iron Casting
37:15 Plate Barding Armor
37:56 Conscription
38:56 Stone Shaft Mining
38:53 Crop Rotation
38:12 Elite Monaspa
39:13 Guard Tower
40:24 Chemistry
39:35 Svan Towers
40:43 Iron Casting
41:14 Ballistics
40:40 Arrowslits
43:03 Blast Furnace
42:23 Ballistics
43:10 Keep
Connection lost

Rejoining the realm…

Still unreachable

The connection could not be restored.

Session expired

The server has moved on; the page needs a fresh start.